 Dungeon Crawl Stone Soup version 0.27.1-3-gb3d3a73c9e (webtiles) character file.

Game seed: 14393842917146865279

99 saltiestKirin the Covered (level 4, -1/38 HPs)
             Began as a Gnoll Wanderer on Oct 24, 2021.
             Was an Initiate of Elyvilon.
             Succumbed to a water moccasin's poison
             ... on level 3 of the Dungeon.
             The game lasted 00:25:32 (4031 turns).

saltiestKirin the Covered (Gnoll Wanderer)          Turns: 4031, Time: 00:25:32

Health: -1/38      AC: 13    Str: 12    XL:     4   Next: 72%
Magic:  14/14      EV:  3    Int: 12    God:    Elyvilon [......]
Gold:   97         SH:  7    Dex: 11    Spells: 5/5 levels left

rFire    + . .     SeeInvis .   a - +2 hand axe
rCold    x . .     Faith    .   n - +0 kite shield
rNeg     . . .     Spirit   .   q - +3 chain mail
rPois    .         Reflect  .   w - +0 hat
rElec    .         Harm     .   (no cloak)
rCorr    .         Rampage  .   (no gloves)
Will     .....                  (no boots)
Stlth    ..........             (no amulet)
HPRegen  0.12/turn              f - ring of fire
MPRegen  0.14/turn              y - ring of magical power

@: lethally poisoned (-1 -> -15)
A: fangs 1, strong nose, distributed training
a: Renounce Religion


You were on level 3 of the Dungeon.
You worshipped Elyvilon.
Elyvilon was noncommittal.
You visited 1 branch of the dungeon, and saw 3 of its levels.

You collected 97 gold pieces.

Inventory:

Hand Weapons
 a - a +2 hand axe (weapon)
 e - a +1 dagger of speed
 i - a +0 short sword
 o - a +0 hunting sling
 r - a +0 whip
 t - a +0 dagger of speed
Missiles
 c - 12 poisoned darts
 j - 79 stones
 k - 13 arrows
 l - 4 curare-tipped darts
Armour
 g - a +0 scale mail
 n - a +0 kite shield (worn)
 q - a +3 chain mail (worn)
 w - a +0 hat (worn)
Jewellery
 f - a ring of fire (left hand)
 y - a ring of magical power (right hand)
Wands
 A - a wand of charming (8) (quivered)
Scrolls
 s - a scroll of magic mapping {unknown}
 v - a scroll of teleportation {unknown}
Potions
 d - a potion of cancellation
 h - a potion of brilliance
 m - a potion of haste
 x - a potion of curing {unknown}
 z - a potion of resistance {unknown}


   Skills:
 + Level 4.7 Fighting
 + Level 1.2 Short Blades
 + Level 1.2 Long Blades
 + Level 4.7 Axes
 + Level 1.2 Maces & Flails
 + Level 1.2 Polearms
 + Level 1.2 Staves
 + Level 1.2 Slings
 + Level 1.2 Bows
 + Level 1.2 Crossbows
 + Level 2.8 Throwing
 + Level 6.6 Armour
 + Level 2.8 Dodging
 + Level 1.2 Stealth
 + Level 1.2 Shields
 + Level 1.2 Unarmed Combat
 + Level 1.2 Spellcasting
 + Level 1.0 Conjurations
 + Level 1.0 Hexes
 + Level 1.0 Summonings
 + Level 1.0 Necromancy
 + Level 1.0 Translocations
 + Level 1.0 Transmutations
 + Level 1.0 Fire Magic
 + Level 1.0 Ice Magic
 + Level 1.0 Air Magic
 + Level 1.0 Earth Magic
 + Level 1.0 Poison Magic
 + Level 1.3 Invocations
 + Level 2.8 Evocations


You had 5 spell levels left.
You didn't know any spells.
Your spell library contained the following spells:

 Spells                   Type           Power      Damage    Failure   Level
 Sublimation of Blood     Necr           1%         N/A       100%        2
 Wereblood                Tmut           3%         N/A       100%        2
 Summon Hydra             Summ           1%         N/A       100%        7


Dungeon Overview and Level Annotations

Branches:
Dungeon (3/15)

Altars:
Elyvilon


Innate Abilities, Weirdness & Mutations

You have very sharp teeth.
Your uncanny sense of smell can sniff out nearby items.
Your experience applies equally to all skills.


Message History

You swap places.
The endoplasm barely misses your water moccasin.
You see here 8 gold pieces.
You now have 97 gold pieces (gained 8).
The endoplasm hits your water moccasin but does no damage.
Your water moccasin bites the endoplasm!
The endoplasm dies!
You swap places.
The water moccasin is no longer charmed.
The water moccasin bites you but does no damage.
The water moccasin bites you but does no damage.
Aiming: Charm
Press: ? - help, Q - select action, (/) - cycle Shift-Dir - straight line, f/p - water moccasin
Aim: a water moccasin (chance to affect: 53%)
The water moccasin is charmed.
You start resting.
You flicker for a moment.
You start resting.
You flicker back into view.
You start resting.
Your magical contamination has completely faded away.
You start resting.
The water moccasin is no longer charmed.
The water moccasin bites you but does no damage.
The water moccasin bites you but does no damage.
The adder hisses angrily.
You block the water moccasin's attack.
The water moccasin bites you but does no damage.
The goblin shouts!
The water moccasin bites you but does no damage.
The water moccasin bites you.
* * * LOW HITPOINT WARNING * * *
You are lethally poisoned!
The water moccasin poisons you!
* * * LOW HITPOINT WARNING * * *
You feel very sick.
Blink to where?
Press: ? - help, Dir - move target, p - water moccasin
As you read the scroll of blinking, it crumbles to dust.
You die...

##'## #≈≈...≈≈ ##.).##
##≈..♣..≈ ##.....##
#........ ##.......##
#...♣._.♣.
#.........####..........
+.........'.....#≈..♣r.≈
#.........####..#≈≈...≈≈
##.......## ## ###...##
#. ##....@## ##.## #.##
##...## ...# #...#
###'## ### #.#..###...#
# #....#....####
..##...#...##..##
...#...#...#....#
.#...#§..#.#..##
##.#..#S#..#.##..#


There were no monsters in sight!

Vanquished Creatures
  4 adders
  3 worms (D:2)
  2 dart slugs
  An orc (D:3)
  5 ball pythons
  4 endoplasms
  2 giant cockroaches (D:1)
  8 goblins
  2 hobgoblins
  5 quokkas
  4 bats
  A frilled lizard (D:1)
  4 kobolds
  3 rats
48 creatures vanquished.

Vanquished Creatures (collateral kills)
  An endoplasm (D:3)
1 creature vanquished.

Vanquished Creatures (others)
  An endoplasm (D:3)
  A hobgoblin (D:3)
2 creatures vanquished.

Grand Total: 51 creatures vanquished

Notes
Turn   | Place    | Note
-------+----------+-------------------------------------------
     0 | D:1      | saltiestKirin the Gnoll Wanderer began the quest for the
                  | Orb.
     0 | D:1      | saltiestKirin set off with the following items: a +2 hand
                  | axe, a +0 ring mail, 12 poisoned darts, a +0 dagger
     0 | D:1      | Reached XP level 1. HP: 20/20 MP: 1/1
   125 | D:1      | Reached XP level 2. HP: 26/26 MP: 2/2
  1144 | D:1      | Reached XP level 3. HP: 31/31 MP: 3/3
  1829 | D:2      | Reached skill level 1 in Invocations
  2204 | D:2      | Reached skill level 1 in Short Blades
  2204 | D:2      | Reached skill level 1 in Long Blades
  2204 | D:2      | Reached skill level 1 in Maces & Flails
  2204 | D:2      | Reached skill level 1 in Polearms
  2204 | D:2      | Reached skill level 1 in Staves
  2204 | D:2      | Reached skill level 1 in Slings
  2204 | D:2      | Reached skill level 1 in Bows
  2204 | D:2      | Reached skill level 1 in Crossbows
  2204 | D:2      | Reached skill level 1 in Stealth
  2204 | D:2      | Reached skill level 1 in Shields
  2204 | D:2      | Reached skill level 1 in Unarmed Combat
  2204 | D:2      | Reached skill level 1 in Spellcasting
  2396 | D:2      | Reached XP level 4. HP: 31/38 MP: 5/5
  3714 | D:3      | Found a white marble altar of Elyvilon.
  3734 | D:3      | Reached skill level 1 in Conjurations
  3734 | D:3      | Reached skill level 1 in Hexes
  3734 | D:3      | Reached skill level 1 in Summonings
  3734 | D:3      | Reached skill level 1 in Necromancy
  3734 | D:3      | Reached skill level 1 in Translocations
  3734 | D:3      | Reached skill level 1 in Transmutations
  3734 | D:3      | Reached skill level 1 in Fire Magic
  3734 | D:3      | Reached skill level 1 in Ice Magic
  3734 | D:3      | Reached skill level 1 in Air Magic
  3734 | D:3      | Reached skill level 1 in Earth Magic
  3734 | D:3      | Reached skill level 1 in Poison Magic
  3743 | D:3      | Became a worshipper of Elyvilon the Healer
  3926 | D:3      | Noticed a water moccasin
  4031 | D:3      | Succumbed to a water moccasin's poison

Illustrated notes

Levels and vault maps discovered:
D:1:      lightli_molten_gateway, layout_basic, st_stairs_14,
          minmay_shallow_snake_nest
D:2:      layout_rooms, hangedman_decor_peaks_small
D:3:      layout_loops_corners, lemuel_crystal_altar, elyvilon_altar_4,
          grunt_ministairs_10, minivault_24, minmay_puff

Skill      XL: |  1  2  3  4 |
---------------+-------------+-----
Invocations    | 1 |  1.3
Short Blades   | 1 |  1.2
Long Blades    | 1 |  1.2
Maces & Flails | 1 |  1.2
Polearms       | 1 |  1.2
Staves         | 1 |  1.2
Slings         | 1 |  1.2
Bows           | 1 |  1.2
Crossbows      | 1 |  1.2
Stealth        | 1 |  1.2
Shields        | 1 |  1.2
Unarmed Combat | 1 |  1.2
Spellcasting   | 1 |  1.2
Conjurations   | 1 |  1.0
Hexes          | 1 |  1.0
Summonings     | 1 |  1.0
Necromancy     | 1 |  1.0
Translocations | 1 |  1.0
Transmutations | 1 |  1.0
Fire Magic     | 1 |  1.0
Ice Magic      | 1 |  1.0
Air Magic      | 1 |  1.0
Earth Magic    | 1 |  1.0
Poison Magic   | 1 |  1.0
Fighting       | |  4.7
Axes           | |  4.7
Throwing       | |  2.8
Armour         | |  6.6
Dodging        | |  2.8
Evocations     | |  2.8

Action                   |  1- 3 |  4- 6 || total
-------------------------+-------+-------++-------
Melee: Hand axe          |    90 |    77 ||   167
       Short sword       |    33 |       ||    33
       Bite              |     3 |     2 ||     5
Evoke: Wand              |       |     2 ||     2
  Use: Potion            |     2 |     3 ||     5
       Scroll            |       |     3 ||     3
Armor: Ring mail         |    12 |       ||    12
       Scale mail        |    31 |       ||    31
       Chain mail        |    26 |    64 ||    90
Dodge: Dodged            |    41 |    14 ||    55
Block: Kite shield       |    20 |    22 ||    42
